 Dungeon Crawl Stone Soup version 0.26-b1-32-g5d43845318 (webtiles) character file.

Game seed: 2969477990976386733

137 MisterFreud the Digger (level 5, -2/31 HPs)
             Began as an Octopode Earth Elementalist on Jan 12, 2021.
             Was an Initiate of Gozag.
             Slain by an orc
             ... wielding a +0 hand axe
              (5 damage)
             ... on level 3 of the Dungeon.
             The game lasted 00:04:16 (3287 turns).

MisterFreud the Digger (OpEE)                       Turns: 3287, Time: 00:04:16

Health: -2/31      AC:  1    Str:  4 (7)  XL:     5   Next: 20%
Magic:  8/8        EV: 13    Int: 16 (19) God:    Gozag
Gold:   48         SH:  0    Dex: 11 (12) Spells: 7/8 levels left

rFire    . . .     SeeInvis .   e - +1 short sword (venom)
rCold    . . .     Faith    .   (no shield)
rNeg     + . .     Spirit   .   (helmet restricted)
rPois    .         Reflect  .   (no amulet)
rElec    .         Harm     .   i - ring of attention (curse)
rCorr    .         Rampage  .   q - ring of positive energy
Will     .....                  (no ring)
Stlth    ++........             (no ring)
HPRegen  0.10/turn              (no ring)
MPRegen  0.11/turn              (no ring)
                                (no ring)
                                (no ring)

@: mighty
A: almost no armour, stealthy swim, amphibious, 8 rings, constrict 8, camouflage
1, gelatinous body 1
a: Renounce Religion, Potion Petition, Call Merchant, Bribe Branch


You were on level 3 of the Dungeon.
You worshipped Gozag.
Gozag was noncommittal.
You visited 1 branch of the dungeon, and saw 4 of its levels.

You collected 116 gold pieces.
You paid 68 gold pieces to Gozag.

Inventory:

Hand Weapons
 e - a +1 short sword of venom (weapon)
Missiles
 a - 3 boomerangs (quivered)
 b - 166 stones
 d - 17 poisoned darts
 p - 8 javelins
Jewellery
 i - a cursed ring of attention (left tentacle)
 q - a ring of positive energy (right tentacle)
Scrolls
 c - a scroll of immolation
 f - a scroll of amnesia
 j - a scroll of fog
Potions
 g - 2 potions of mutation
 h - 3 potions of curing
 k - a potion of berserk rage
 n - a potion of heal wounds {unknown}
 o - a potion of attraction {unknown}


   Skills:
 - Level 2.0 Dodging
 - Level 2.6 Stealth
 - Level 2.0 Spellcasting
 - Level 1.0 Transmutations
 + Level 5.7 Earth Magic


You had 7 spell levels left.
You knew the following spells:

 Your Spells              Type           Power        Failure   Level
a - Sandblast             Erth           40%          1%          1

Your spell library contained the following spells:

 Spells                   Type           Power        Failure   Level
 Passwall                 Tmut/Erth      10%          8%          2
 Stone Arrow              Conj/Erth      20%          19%         3
 Magic Dart               Conj           4%           21%         1
 Blink                    Tloc           N/A          30%         2
 Call Imp                 Summ           1%           30%         2
 Slow                     Hex            1%           30%         2
 Petrify                  Tmut/Erth      12%          45%         4
 Lee's Rapid Deconstruct  Erth           10%          47%         5
 Conjure Flame            Conj/Fire      1%           52%         3
 Mephitic Cloud           Conj/Pois/Air  1%           52%         3


Dungeon Overview and Level Annotations

Branches:
Dungeon (4/15)
 Temple: D:4-7

Altars:
Gozag
Hepliaklqana
Qazlal
Uskayaw
Zin


Innate Abilities, Weirdness & Mutations

You cannot wear most types of armour.
You are very stealthy in the water. (Stealth+)
You are amphibious.
You can wear up to eight rings at the same time.
You can use your tentacles to constrict eight enemies at once.
Your skin changes colour to match your surroundings (Stealth+).
Your rubbery body absorbs attacks. (AC +1, EV +1)


Message History

* * * LOW HITPOINT WARNING * * *
The bat is no longer distracted by gold.
The bat becomes distracted by the nearby gold, dreaming of imaginary riches.
An orc comes into view.
An orc comes into view. It is wielding a +0 club.
The orc shouts!
An orc comes into view. It is wielding a +0 flail.
Okay, then.
Unknown command.
Unknown command.
Unknown command.
Unknown command.
It was a potion of might.
You feel very mighty all of a sudden.
It was a potion of degeneration.
There was something very wrong with that liquid.
You feel weakened.
You feel dopey.
You feel clumsy. The orc hits you with a +0 hand axe.
You die...
Your body crumbles into a pile of gold.

...... r..
......... ... o..
... .. .. o.# #.#
.# ... ..#
#.$###.##... #.#
#...>....... $
#.# #...$.......
##o# #....r).....
#.@# #...$.$.....
#o## #..$......#.
#.# ##........##
#.#####.....$...#
#.##..b.........#
#.##o###........#
##.#..#
#####.#....
#....## ....#...
#..........
........


You could see 4 orcs.

Vanquished Creatures
  A worker ant (D:4)
  2 adders
  3 worms
  A dart slug (D:1)
  2 leopard geckos (D:2)
  8 orcs
  4 giant cockroaches
  13 goblins
  6 hobgoblins
  A quokka (D:4)
  A ball python (D:1)
  7 bats
  2 frilled lizards (D:1)
  11 kobolds
  A quokka skeleton (D:4)
  12 rats
75 creatures vanquished.

Notes
Turn   | Place    | Note
-------+----------+-------------------------------------------
     0 | D:1      | MisterFreud the Octopode Earth Elementalist began the quest
                  | for the Orb.
     0 | D:1      | Reached XP level 1. HP: 11/11 MP: 3/3
   321 | D:2      | Reached XP level 2. HP: 8/17 MP: 3/5
   806 | D:2      | Reached skill level 4 in Earth Magic
   865 | D:2      | Reached XP level 3. HP: 18/21 MP: 3/6
   960 | D:2      | Found a hazy altar of Hepliaklqana.
  1293 | D:2      | Found a stormy altar of Qazlal.
  1585 | D:2      | Found a hide-covered altar of Uskayaw.
  2277 | D:1      | Reached XP level 4. HP: 27/27 MP: 7/7
  2436 | D:1      | Reached skill level 5 in Earth Magic
  2991 | D:4      | Found an opulent altar of Gozag.
  3002 | D:4      | Became a worshipper of Gozag Ym Sagoz the Greedy
  3164 | D:4      | Found a glowing silver altar of Zin.
  3210 | D:4      | Reached XP level 5. HP: 27/31 MP: 8/8
  3287 | D:3      | Slain by an orc

Illustrated notes

Levels and vault maps discovered:
D:1:      dpeg_arrival_ratfight, layout_rooms
D:2:      layout_basic, general_overflow_altar, lemuel_round_altar,
          nicolae_overflow_crystal_walls
D:3:      layout_rooms, serial_corexii_hall, corexii_hall_statues_s,
          corexii_hall_statues_x
D:4:      layout_basic, okawaru_altar_gauntlet_db, grunt_gozag_breadcrumbs,
          old_standard_altar, zin_treasury

Skill      XL: |  1  2  3  4 |
---------------+-------------+-----
Earth Magic    | 4 5 |  5.7
Dodging        | |  2.0
Stealth        | |  2.6
Spellcasting   | |  2.0
Transmutations | |  1.0

Action                   |  1- 3 |  4- 6 || total
-------------------------+-------+-------++-------
Melee: Unarmed           |    69 |       ||    69
       Constrict         |    27 |    16 ||    43
       Tentacles         |    16 |     9 ||    25
       Short sword       |    13 |    59 ||    72
Throw: Boomerang         |       |     1 ||     1
 Cast: Sandblast         |     8 |       ||     8
  Use: Scroll            |       |    11 ||    11
       Potion            |       |     2 ||     2
 Stab: Sleeping          |     8 |     5 ||    13
       Distracted        |     1 |       ||     1
Armor: Skin              |     9 |     8 ||    17
Dodge: Dodged            |    53 |    44 ||    97
